 Dungeon Crawl Stone Soup version 0.30-a0-341-g682706514a (webtiles) character file.

Game seed: 6620914693985031168

46 retardedninja the Trooper (level 3, 0/33 HPs)
             Began as a Hill Orc Fighter on Nov 3, 2022.
             Slain by an orc
             ... wielding a +0 whip
              (2 damage)
             ... on level 2 of the Dungeon.
             The game lasted 00:01:11 (862 turns).

retardedninja the Trooper (Hill Orc Fighter)         Turns: 862, Time: 00:01:12

Health: 0/33       AC:  7    Str: 20    XL:     3   Next: 66%
Magic:  3/3        EV:  9    Int:  8    God:
Gold:   57         SH:  5    Dex: 16    Spells: 2/2 levels left

rFire   . . .      SeeInvis .    a - +0 war axe
rCold   . . .      Faith    .    c - +0 buckler
rNeg    . . .      Spirit   .    b - +0 scale mail
rPois   .          Reflect  .    (no helmet)
rElec   .          Harm     .    (no cloak)
rCorr   .          Rampage  .    (no gloves)
Will    .....                    (no boots)
Stlth   ..........               (no amulet)
HPRegen 0.25/turn                i - +6 ring of dexterity
MPRegen 0.08/turn                (no ring)

@: mighty
A: no striking features
a: Convert to Beogh


You were on level 2 of the Dungeon.
You visited 1 branch of the dungeon, and saw 2 of its levels.

You collected 57 gold pieces.

Inventory:

Hand Weapons
 a - a +0 war axe (weapon)
Armour
 b - a +0 scale mail (worn)
 c - a +0 buckler (worn)
Jewellery
 i - a +6 ring of dexterity (left hand)
Scrolls
 e - 2 scrolls of identify {unknown}
 f - 3 scrolls of noise {unknown}
 h - a scroll of brand weapon {unknown}


   Skills:
 + Level 4.1 Fighting
 + Level 3.5 Axes
 + Level 3.7 Armour
 + Level 3.8 Shields


You had 2 spell levels left.
You didn't know any spells.
Your spell library was empty.

Dungeon Overview and Level Annotations

Branches:
Dungeon (2/15)

Altars:


Message History

The orc barely misses you. You block the orc's attack.
Unknown command.
You hit the orc.
You kill the orc!
Unknown command.
You hit something but do no damage. Something hits you.
Unknown command.
Unknown command.
You hit something. Something hits you. x2
Unknown command.
You miss something. Something hits you but does no damage.
The orc priest mumbles some strange prayers to Beogh against you.
Beogh smites you!
* * * LOW HITPOINT WARNING * * *
You feel very mighty all of a sudden. Something hits you but does no damage.
You slice something!!
Reactivating autopickup.
You feel a bit more experienced. The orc hits you but does no damage.
Your Fighting skill increases to level 4!
You have reached level 3!
Your experience leads to an increase in your attributes!
Your base attributes are Str 18, Int 8, Dex 10.
Increase (S)trength, (I)ntelligence, or (D)exterity?
You feel stronger. x2
You closely miss the orc. The orc hits you with a +0 whip.
* * * LOW HITPOINT WARNING * * *
Unknown command.
You closely miss the orc. You block the orc's attack.
Unknown command.
You closely miss the orc.
The orc priest shouts, "Beogh is our master!
Accept the truth or die!"
The orc hits you with a +0 whip.
* * * LOW HITPOINT WARNING * * *
The orc barely misses you.
Unknown command.
You closely miss the orc.
The orc priest shouts, "Beogh is our master!
Accept the truth or die!"
The orc hits you with a +0 whip.
You die... ##+######.# #......... ........# ....... ....! .oo

#o# #~~≈≈~. #@#
#~≈≈~~.## ##.#
##~≈≈~#..# #..#
#~~≈≈~##.###
#.#####~≈≈~~##)..##
#...88~~≈≈~88..#...
#................##
#................#.
##..88~≈≈~~88..#...
#####~≈≈~##.####..


You could see an orc priest and 2 orcs.

Vanquished Creatures
  An orc wizard (D:2)
  An orc (D:2)
  4 bats
  An endoplasm (D:2)
  A goblin (D:1)
  4 hobgoblins (D:1)
  2 quokkas (D:1)
  A ball python (D:1)
  3 rats
18 creatures vanquished.

Notes
Turn   | Place    | Note
-------+----------+-------------------------------------------
     0 | D:1      | retardedninja the Hill Orc Fighter began the quest for the
                  | Orb.
     0 | D:1      | Reached XP level 1. HP: 19/19 MP: 1/1
   165 | D:1      | Reached XP level 2. HP: 27/27 MP: 2/2
   859 | D:2      | Reached skill level 4 in Fighting
   859 | D:2      | Reached XP level 3. HP: 10/33 MP: 3/3
   862 | D:2      | Slain by an orc

Illustrated notes

Levels and vault maps discovered:
D:1:      co_arrival_random_square_maze, layout_basic, serial_glass,
          glass_columns_b, glass_columns_b, glass_columns_a, glass_columns_c,
          glass_columns_b, glass_columns_a
D:2:      wander_river, layout_basic, basic_altar, lightli_corner_chamber,
          uniq_sigmund

Skill      XL: |  1  2 |
---------------+-------+-----
Axes           | 3 |  3.5
Fighting       | 4 |  4.1
Armour         | |  3.7
Shields        | |  3.8

Action                   || total
-------------------------++-------
Melee: War axe           ||    68
  Use: Potion            ||     1
Armor: Scale mail        ||    37
Dodge: Dodged            ||    37
Block: Buckler           ||    15

Table legend: (Time is in decaauts)
 A = Elapsed time spent in this place.
 B = Non-inter-level travel time spent in this place.
 C = Inter-level travel time spent in this place.
 D = Time resting spent in this place.
 E = Time spent auto-exploring this place.
 F = Levels seen in this place.
 G = Mean time per level.
                   A        B        C        D        E       F      G
               +--------+--------+--------+--------+--------+-----+--------+
         Total |    896 |    844 |     52 |      0 |    667 |   2 |  448.0 |
       Dungeon |    896 |    844 |     52 |      0 |    667 |   2 |  448.0 |
               +--------+--------+--------+--------+--------+-----+--------+

Top non-repeatable levels by time:
     D:1: 752 daAuts
     D:2: 144 daAuts
